 Dungeon Crawl Stone Soup version 0.22-a0-117-g314b907 (webtiles) character file.

3523 varam the Grappler (level 9, -27/88 (89) HPs)
             Began as a Troll Monk on Jan 29, 2018.
             Was a Priest of Makhleb.
             Killed from afar by a crystal guardian (45 damage)
             ... with a crystal bolt
             ... on level 3 of the Abyss on Jan 30, 2018.
             The game lasted 00:21:34 (6625 turns).

varam the Grappler (Troll Monk)                     Turns: 6625, Time: 00:21:35

HP:   -27/88 (89)   AC: 11    Str: 21    XL:     9   Next: 81%
MP:   12/12         EV: 13    Int:  7    God:    Makhleb [***...]
Gold: 499           SH:  0    Dex: 14    Spells: 8/8 levels left

rFire    . . .     SeeInvis .     - Unarmed
rCold    . . .     Gourm    +   (no shield)
rNeg     . . .     Faith    .   M - +0 robe
rPois    .         Spirit   .   (helmet restricted)
rElec    .         Reflect  .   s - +0 cloak
rCorr    .         Harm     .   (gloves unavailable)
MR       .....                  (boots unavailable)
Stlth    ++........             D - amulet of rage
HPRegen  0.64/turn              a - +2 ring of protection
MPRegen  0.13/turn              O - +3 ring of protection

@: no status effects
A: large, unfitting armour, claws 3, fast metabolism 3, gourmand, regeneration
1, shaggy fur 1, tough skin 2
a: Minor Destruction, Lesser Servant of Makhleb, Renounce Religion, Evoke
Berserk Rage


You were on level 3 of the Abyss.
You worshipped Makhleb.
Makhleb was most pleased with you.
You were very full.

You visited 1 branch of the dungeon, and saw 9 of its levels.
You visited the Abyss 1 time.

You collected 499 gold pieces.

Inventory:

Missiles
 c - 111 stones (quivered)
 v - 5 needles of sleeping
 B - 8 tomahawks
 N - 4 large rocks
Armour
 s - a +0 cloak (worn)
 M - a +0 robe (worn)
Jewellery
 a - a +2 ring of protection (left claw)
 i - an uncursed ring of see invisible
 D - an amulet of rage (around neck)
 O - a +3 ring of protection (right claw)
Wands
 w - a wand of enslavement (19)
 J - a wand of disintegration (7)
Scrolls
 e - 6 scrolls of identify {unknown}
 f - a scroll of noise {unknown}
 l - a scroll of immolation {unknown}
 m - 4 scrolls of magic mapping {unknown}
 n - 3 scrolls of amnesia {unknown}
 p - 2 scrolls of enchant armour {unknown}
 r - 3 scrolls of remove curse
 z - 5 scrolls of teleportation {unknown}
 A - 2 scrolls of random uselessness {unknown}
 E - a scroll of blinking {unknown}
 F - 2 scrolls of fog {unknown}
 K - a scroll of torment {unknown}
Potions
 d - 7 potions of heal wounds {unknown}
 g - a potion of cancellation {unknown}
 h - 3 potions of curing {unknown}
 j - a potion of invisibility {unknown}
 k - a potion of agility
 q - 3 potions of ambrosia {unknown}
 t - a potion of magic {unknown}
 u - 2 potions of lignification {unknown}
 x - a potion of mutation {unknown}
 G - a potion of brilliance {unknown}
 H - a potion of resistance {unknown}
 I - 2 potions of degeneration {unknown}
 L - a potion of haste {unknown}
Comestibles
 b - 9 rations


   Skills:
 + Level 6.1 Fighting
 + Level 6.1 Dodging
 - Level 1.0 Stealth
 - Level 8.0 Unarmed Combat
 - Level 6.4 Invocations


You had 8 spell levels left.
You didn't know any spells.

Dungeon Overview and Level Annotations

Branches:
Dungeon (9/15)             Temple (0/1) D:7
   Lair: D:8-11         Orc: D:9-12

Altars:
Dithmenos
Elyvilon
Makhleb
Ru
Trog

Shops:
D:8 }

Annotations:
D:9 Erolcha


Innate Abilities, Weirdness & Mutations

You are too large for most types of armour.
You have claws for hands.
Your metabolism is lightning-fast.
You like to eat raw meat.
Your natural rate of healing is unusually fast.
You are covered in fur. (AC +1)
You have very tough skin. (AC +2)


Message History

The raiju bursts into living lightning!
The living lightning misses you. The living lightning hits you!
* * * LOW HITPOINT WARNING * * *
The raiju blinks!
Found a burning altar of Makhleb.
Unknown command.
There is a burning altar of Makhleb here.
You don't have enough health at the moment.
A fire bat comes into view.
Okay, then.
All of the chunks of flesh in your inventory have rotted away.
Found 21 gold pieces.
A large abomination comes into view.
A crystal guardian comes into view.
A cacodemon comes into view.
A wretched star comes into view.
The crystal guardian fires a crystalline bolt at you.
The crystal bolt burns you!
Ouch! That really hurt!
You die...

. .## ##2. .
... #.* .. ....
#####. ...#
#.#..#...#
#..#@.##
##..##.##.
##.8#.......
#.#X#...##..
##....#.... ..
##..#.h##....#.
#..##.#.# #....
###X##.## ##..
..#.#.h# #.##


You could see a cacodemon (wandering), a wretched star (wandering), a crystal
guardian and a large abomination.

Vanquished Creatures
  A wyvern (D:8)
  Eustachio (D:4)
  An ice beast (D:5)
  2 phantoms
  3 orc warriors
  2 necrophages (D:8)
  5 ogres
  A big kobold (D:7)
  A crocodile (D:8)
  A centaur (D:6)
  4 bullfrogs
  A water moccasin skeleton (D:8)
  3 scorpions (D:6)
  2 electric eels (D:7)
  3 crimson imps
  A quasit (D:6)
  A bullfrog skeleton (D:8)
  9 orc priests
  A jelly (D:8)
  2 hounds
  3 iguanas
  4 worker ants
  9 orc wizards
  A worker ant zombie (D:6)
  3 gnolls (D:5)
  14 adders
  2 shadow imps
  An ooze (D:3)
  A worm (D:2)
  An adder skeleton (D:4)
  4 dart slugs
  8 leopard geckos
  24 orcs
  5 giant cockroaches
  4 goblins
  8 hobgoblins
  6 jackals
  13 kobolds
  3 quokkas
  10 bats
  5 frilled lizards
  2 jackal skeletons
  A leopard gecko skeleton (D:6)
  2 quokka zombies
  8 rats
187 creatures vanquished.

Vanquished Creatures (collateral kills)
  A hippogriff (shapeshifter) (Abyss:2)
  A hound (D:8)
  An orc wizard (D:8)
  6 orcs (D:8)
  A quokka (D:8)
10 creatures vanquished.

Vanquished Creatures (others)
  6 plants (D:4)
6 creatures vanquished.

Grand Total: 203 creatures vanquished

Notes
Turn   | Place    | Note
-------+----------+-------------------------------------------
     0 | D:1      | varam the Troll Monk began the quest for the Orb.
     0 | D:1      | Reached XP level 1. HP: 22/22 MP: 0/0
   113 | D:1      | Reached XP level 2. HP: 25/29 MP: 1/1
   267 | D:1      | Reached skill level 4 in Unarmed Combat
   484 | D:1      | Reached XP level 3. HP: 35/36 MP: 2/2
   667 | D:2      | Found a burning altar of Makhleb.
   667 | D:2      | Noticed a blizzard demon
   738 | D:2      | Found a bloodstained altar of Trog.
   803 | D:2      | Noticed a hellwing
   803 | D:2      | Noticed a hellwing
   805 | D:2      | Became a worshipper of Makhleb the Destroyer
   805 | D:2      | Reached * piety under Makhleb
   805 | D:2      | Reached ** piety under Makhleb
   915 | D:2      | Reached XP level 4. HP: 44/44 MP: 3/3
  1216 | D:2      | Reached skill level 5 in Unarmed Combat
  1513 | D:3      | Found a sacrificial altar of Ru.
  1523 | D:3      | Reached XP level 5. HP: 50/50 MP: 4/4
  2212 | D:4      | Reached skill level 6 in Unarmed Combat
  2255 | D:4      | Noticed an orc warrior
  2375 | D:4      | Noticed Eustachio
  2405 | D:4      | Killed Eustachio
  2405 | D:4      | Reached skill level 2 in Invocations
  2405 | D:4      | Reached XP level 6. HP: 27/59 MP: 4/6
  2481 | D:4      | Reached skill level 7 in Unarmed Combat
  2770 | D:4      | Killed an orc warrior
  2770 | D:4      | Reached skill level 3 in Invocations
  2770 | D:4      | Reached XP level 7. HP: 63/66 MP: 8/8
  2963 | D:5      | Entered Level 5 of the Dungeon
  3009 | D:5      | Reached skill level 4 in Invocations
  3071 | D:5      | Reached skill level 8 in Unarmed Combat
  3083 | D:5      | Reached *** piety under Makhleb
  3126 | D:5      | Reached XP level 8. HP: 74/74 MP: 10/10
  3501 | D:5      | Reached skill level 3 in Fighting
  3501 | D:5      | Reached skill level 3 in Dodging
  3501 | D:5      | Reached skill level 5 in Invocations
  4072 | D:6      | Reached skill level 4 in Dodging
  4074 | D:6      | Reached skill level 4 in Fighting
  4229 | D:6      | Reached **** piety under Makhleb
  4278 | D:6      | Found a white marble altar of Elyvilon.
  4402 | D:6      | Reached skill level 6 in Invocations
  4402 | D:6      | Reached XP level 9. HP: 73/84 MP: 12/12
  4636 | D:7      | Found a shadowy altar of Dithmenos.
  5395 | D:7      | Found a staircase to the Ecumenical Temple.
  5877 | D:8      | Reached skill level 5 in Fighting
  5877 | D:8      | Reached skill level 5 in Dodging
  5986 | D:8      | Found Replipenyrph's Gadget Shoppe.
  6059 | D:8      | Reached ***** piety under Makhleb
  6375 | D:8      | Reached skill level 6 in Dodging
  6380 | D:8      | Reached skill level 6 in Fighting
  6395 | D:9      | Noticed Erolcha
  6397 | D:9      | Cast into level 2 of the Abyss (Erolcha)
  6435 | Abyss:2  | Noticed a blizzard demon
  6472 | Abyss:2  | Noticed a thrashing horror
  6517 | Abyss:2  | Noticed an ancient zyme
  6570 | Abyss:3  | Noticed an ancient zyme
  6593 | Abyss:3  | Noticed an eidolon
  6598 | Abyss:3  | Found a burning altar of Makhleb.
  6598 | Abyss:3  | HP: 1/88 [raiju/living lightning (13)]
  6616 | Abyss:3  | Noticed a large abomination
  6621 | Abyss:3  | Noticed a crystal guardian
  6624 | Abyss:3  | Noticed a cacodemon
  6625 | Abyss:3  | Noticed a wretched star
  6625 | Abyss:3  | Killed from afar by a crystal guardian

Vault maps used:
D:1:      dpeg_arrival_leaves_temple_mockup, minmay_cut_off
D:2:      bloody_trog, makhleb_altar_promises_db
D:3:      nicolae_ru_the_path_less_chosen
D:4:      first_ration, serial_bayou_lake_a, uniq_eustachio
D:6:      overflow_temple_1_default, st_stairs_3
D:7:      minmay_temple_entry_fiery, chequers_big_river,
          nicolae_dithmenos_through_a_glass_darkly
D:8:      serial_shops, shop
D:9:      fedhas_altar_decomposition, minitemple,
          grunt_lair_entry_orc_guard_hut, serial_undead, serial_undead_f,
          serial_undead_a, serial_undead_d, serial_undead_d, david_nohive_1,
          uniq_joseph, uniq_erolcha, uniq_pikel
Abyss:3:  evilmike_abyss_exit_10

Skill      XL: |  1  2  3  4  5  6  7  8  9 |
---------------+----------------------------+-----
Unarmed Combat | 4 5 6 7 8 |  8.0
Invocations    | 2 3 4 6 |  6.4
Fighting       | 4 6 |  6.1
Dodging        | 4 6 |  6.1
Stealth        | |  1.0

Action                   |  1- 3 |  4- 6 |  7- 9 || total
-------------------------+-------+-------+-------++-------
Melee: Unarmed           |   106 |   123 |   341 ||   570
       Punch             |     1 |     8 |    13 ||    22
Throw: Stone             |       |       |     3 ||     3
Invok: Minor Destruction |       |       |     3 ||     3
       Lesser Servant of |       |       |     9 ||     9
       Major Destruction |       |       |     1 ||     1
 Abil: Evoke Berserk Rag |       |       |     1 ||     1
  Use: Scroll            |       |       |     2 ||     2
 Stab: Sleeping          |     1 |     1 |     3 ||     5
       Distracted        |       |       |     1 ||     1
  Eat: Chunk             |    14 |    16 |    37 ||    67
Armor: Robe              |    56 |    60 |    84 ||   200
Dodge: Dodged            |    69 |    59 |   160 ||   288

Table legend:
 A = Spawn XP
 B = Non-spawn XP
 C = Spawn XP percentage of total XP
 D = Spawn monster count
 E = Non-spawn monster count
 F = Spawn count percentage of total count
 G = Total turns spent on level
                    A         B        C        D         E        F      G
               +---------+---------+-------+---------+---------+-------+---------
         Total |     131 |    4903 |   2.6 |       1 |     196 |   0.5 |  6625
               +---------+---------+-------+---------+---------+-------+---------
           D:1 |       0 |      43 |   0.0 |       0 |      25 |   0.0 |   599
           D:2 |       0 |      82 |   0.0 |       0 |      26 |   0.0 |   810
           D:3 |       0 |     144 |   0.0 |       0 |      17 |   0.0 |   863
           D:4 |       0 |     823 |   0.0 |       0 |      17 |   0.0 |   691
           D:5 |       0 |     747 |   0.0 |       0 |      23 |   0.0 |   846
           D:6 |       0 |    1433 |   0.0 |       0 |      38 |   0.0 |   775
           D:7 |       0 |     378 |   0.0 |       0 |      18 |   0.0 |  1189
           D:8 |       0 |    1253 |   0.0 |       0 |      32 |   0.0 |   611
       Abyss:2 |     131 |       0 | 100.0 |       1 |       0 | 100.0 |   125
               +---------+---------+-------+---------+---------+-------+---------
